 Dungeon Crawl Stone Soup version 0.28-a0-239-g68911e0c57 (webtiles) character file.

Game seed: 1309837144015585680

21442 Colgate the Cleaver (level 12, -7/95 HPs)
             Began as a Vampire Berserker on Aug 23, 2021.
             Was an Elder of Trog.
             Killed from afar by an electric eel (11 damage)
             ... with a bolt of electricity
             ... on level 3 of the Lair of Beasts.
             The game lasted 00:08:13 (10877 turns).

Colgate the Cleaver (Vampire Berserker)            Turns: 10877, Time: 00:08:14

Health: -7/95      AC: 17    Str: 26    XL:     12   Next: 54%
Magic:  12/12      EV:  8    Int:  9    God:    Trog [****..]
Gold:   427        SH: 13    Dex: 15    Spells: 11/11 levels left

rFire   + . .      SeeInvis +   Y - +0 war axe
rCold   + . .      Faith    .   v - +2 kite shield
rNeg    . . .      Spirit   .   q - +0 plate armour {rC+}
rPois   .          Reflect  .   (no helmet)
rElec   .          Harm     .   d - +0 cloak
rCorr   .          Rampage  .   r - +1 pair of gloves
Will    +....                   n - +0 pair of boots
Stlth   ..........              e - amulet of regeneration
HPRegen 1.45/turn               i - +6 ring of strength
MPRegen 0.13/turn               k - ring of protection from fire

@: healing quickly
A: alive, fangs 3, see invisible, vampiric 2, evolution 1, subdued magic 1
a: Exsanguinate, Renounce Religion, Berserk, Trog's Hand, Brothers in Arms


You were on level 3 of the Lair of Beasts.
You worshipped Trog.
Trog was greatly pleased with you.
You visited 2 branches of the dungeon, and saw 11 of its levels.

You collected 620 gold pieces.
You spent 193 gold pieces at shops.


Innate Abilities, Weirdness & Mutations

Your natural rate of healing is accelerated.
You have razor-sharp teeth.
You have supernaturally acute eyesight. (SInv)
You are afflicted with vampirism and can become a bat while bloodless.
You have hidden genetic potential.
Your spells are a little easier to cast, but a little less powerful.


   Skills:
 - Level 9.0 Fighting
 - Level 13.0 Axes
 - Level 6.0 Armour
 - Level 6.3 Dodging
 + Level 8.4 Shields


You had 11 spell levels left.
You didn't know any spells.
Your spell library was empty.

Inventory:

Hand Weapons
 o - a +2 flail of protection
 Y - a +0 war axe (weapon)
Armour
 d - a +0 cloak (worn)
 n - a +0 pair of boots (worn)
 q - a +0 plate armour of cold resistance (worn)
 r - a +1 pair of gloves (worn)
 v - a +2 kite shield (worn)
Jewellery
 c - an amulet of faith
 e - an amulet of regeneration (around neck)
 i - a +6 ring of strength (left hand)
 k - a ring of protection from fire (right hand)
 s - a ring of protection from cold
Wands
 a - a wand of flame (13)
Scrolls
 l - a scroll of identify
 t - 5 scrolls of teleportation
Potions
 b - 2 potions of heal wounds
 g - 2 potions of cancellation
 h - 2 potions of mutation
 j - 2 potions of resistance
 m - 8 potions of curing
 p - a potion of might

Dungeon Overview and Level Annotations

Branches:
Dungeon (8/15)             Temple (0/1) D:5            Lair (3/6) D:8
 Shoals (0/4) Lair:2
  Snake: Lair:2-4    Spider: Lair:2-4

Altars:
Cheibriados
Fedhas
Hepliaklqana
The Shining One

Shops:
D:3 !   D:5 !


Message History

The bolt of electricity hits you!
The electric eel shoots out a bolt of lightning at you!
The bolt of electricity hits you.
The electric eel shoots out a bolt of lightning at you!
The bolt of electricity hits you.
The electric eel shoots out a bolt of lightning at you!
The bolt of electricity hits you.
The electric eel shoots out a bolt of lightning at you!
The bolt of electricity hits you.
The electric eel shoots out a bolt of lightning at you!
The bolt of electricity hits you!
The electric eel shoots out a bolt of lightning at you!
The bolt of electricity hits you.
The electric eel shoots out a bolt of lightning at you!
The bolt of electricity hits you!
The electric eel shoots out a bolt of lightning at you!
The bolt of electricity misses you.
The electric eel shoots out a bolt of lightning at you!
The bolt of electricity hits you.
The electric eel shoots out a bolt of lightning at you!
The bolt of electricity hits you.
The electric eel shoots out a bolt of lightning at you!
The bolt of electricity hits you.
The electric eel shoots out a bolt of lightning at you!
The bolt of electricity hits you.
The electric eel shoots out a bolt of lightning at you!
The bolt of electricity hits you!
The electric eel shoots out a bolt of lightning at you!
The bolt of electricity hits you!
The electric eel shoots out a bolt of lightning at you!
The bolt of electricity hits you!
The electric eel shoots out a bolt of lightning at you!
The bolt of electricity hits you.
The electric eel shoots out a bolt of lightning at you!
The bolt of electricity hits you!
The electric eel shoots out a bolt of lightning at you!
The bolt of electricity hits you!
The electric eel shoots out a bolt of lightning at you!
The bolt of electricity hits you!
You die...

#####....#### ... #.. #........#
~#~P.~. ~# ##. ........##
##~~~...~~~~~~#### .......##
###~~~...~~~~~~~~~## .......#
#####~~~~~..~~~~~~~~~~~~
......#.#~~~~~~~~~~...~~~~~~~~~~~
..#...##~#~~~~~~~~..~..~~~~~~~~~~
...#.###~~~~~~~~~..~~~..~~~~~~~~~
....#.#~~~~~~~~~@...~~....~~~~~~~
....##~~~~~~~~~;...........~~~~~~
...###~~~~~~~~~..##+#######.~~~~~
....##~~~~~~~~~..# #.~~~~~
...###~~~~~~~~~..# #.~~~~~
..##P..~~~~~~~~..# #.~~~~~
.##P...~~~~~~~~~.##########.~~~~~
..#.....~~~~~~~~~..........~~~~~.
#.#......~~~~~~~~~~~~~~~~~~~~~~..


You could see an electric eel.

Vanquished Creatures
  A boulder beetle (D:8)
  3 hydras
  Pikel (D:5)
  A manticore (Lair:2)
  An elephant (D:8)
  3 cane toads
  2 rime drakes
  6 komodo dragons
  A queen bee (Lair:3)
  A wind drake (Lair:2)
  3 blink frogs (Lair:3)
  Prince Ribbit (D:7)
  Sigmund (D:2)
  2 wyverns
  24 yaks
  2 basilisks
  Eustachio (D:4)
  Menkaure (D:4)
  Edmund (D:5)
  11 water moccasins
  A hornet zombie (D:5)
  An orc warrior (D:7)
  4 ice beasts
  3 black bears
  3 necrophages
  2 sky beasts (D:7)
  5 ogres
  10 wolves
  A centaur (D:5)
  A phantom (D:6)
  Blork the orc (D:5)
  5 bullfrogs
  An elf skeleton (D:5)
  A gnoll sergeant (D:8)
  A wyvern zombie (D:7)
  3 scorpions
  A water moccasin skeleton (D:6)
  3 wights (D:8)
  15 killer bees (Lair:3)
  An electric eel (Lair:3)
  A bullfrog zombie (D:5)
  A centaur skeleton (D:5)
  6 orc priests
  A gnoll shaman (D:8)
  4 jellies
  A bullfrog skeleton (D:4)
  An iron imp (D:7)
  Ijyb (D:3)
  Terence (D:2)
  An iguana (D:7)
  A scorpion zombie (D:5)
  7 orc wizards
  2 killer bee zombies (D:8)
  A hound skeleton (D:4)
  A howler monkey zombie (D:5)
  11 gnolls
  6 adders
  4 shadow imps
  A white imp (D:7)
  5 dart slugs
  5 worms
  28 orcs
  4 bats
  7 endoplasms
  6 giant cockroaches
  10 goblins
  14 hobgoblins
  3 jackals (D:1)
  9 kobolds
  5 quokkas
  2 ball pythons (D:1)
  5 frilled lizards
  4 orc skeletons (D:5)
  An orc zombie (D:5)
  3 rats
293 creatures vanquished.

Vanquished Creatures (collateral kills)
  4 hydras
  A death yak (D:8)
  A komodo dragon (Lair:2)
  4 blink frogs
  2 yaks (Lair:3)
  3 wolves (Lair:1)
  A bullfrog (Lair:1)
16 creatures vanquished.

Vanquished Creatures (others)
  A bush (Lair:1)
  9 fungi
  10 plants
20 creatures vanquished.

Grand Total: 329 creatures vanquished

Notes
Turn   | Place    | Note
-------+----------+-------------------------------------------
     0 | D:1      | Colgate the Vampire Berserker began the quest for the Orb.
     0 | D:1      | Reached XP level 1. HP: 17/17 MP: 1/1
     0 | D:1      | 0 ||| counter = 33
    85 | D:1      | Reached skill level 3 in Axes
   184 | D:1      | Reached XP level 2. HP: 17/23 MP: 2/2
   192 | D:1      | 192 ||| INVOKING Berserk.
   456 | D:1      | Gained mutation: You are afflicted with vampirism and can
                  | become a bat while bloodless. [Vampire growth]
   456 | D:1      | Reached XP level 3. HP: 25/27 MP: 3/3
   672 | D:1      | Reached skill level 4 in Axes
   799 | D:1      | 799 ||| UPGRADING to +0 buckler.
   804 | D:1      | 804 ||| UPGRADING to +0 plate armour.
   814 | D:1      | 814 ||| DROPPING +0 animal skin.
   815 | D:1      | 815 ||| UPGRADING to amulet of regeneration.
   820 | D:1      | 820 ||| READING scroll labelled XADU LORUCKU.
   901 | D:2      | 901 ||| INVOKING Berserk.
   904 | D:2      | Reached skill level 1 in Shields
   944 | D:2      | Noticed Sigmund
   954 | D:2      | 954 ||| INVOKING Berserk.
   965 | D:2      | Killed Sigmund
   966 | D:2      | Reached skill level 3 in Shields
   966 | D:2      | Reached XP level 4. HP: 34/34 MP: 4/4
   966 | D:2      | Reached XP level 5. HP: 39/39 MP: 5/5
  1016 | D:2      | Reached ** piety under Trog
  1053 | D:2      | Noticed Terence
  1071 | D:2      | 1071 ||| INVOKING Berserk.
  1073 | D:2      | Killed Terence
  1292 | D:2      | Reached XP level 6. HP: 46/46 MP: 6/6
  1424 | D:2      | Found a faded altar of an unknown god.
  1565 | D:2      | 1565 ||| READING scroll labelled GUNGIXK SIHEFY.
  1662 | D:3      | Noticed Ijyb
  1667 | D:3      | 1667 ||| INVOKING Berserk.
  1673 | D:3      | Killed Ijyb
  1754 | D:3      | Found Voew's Distillery.
  1774 | D:3      | 1774 ||| SHOPLISTING potion of cancellation (104 gold, have
                  | 45).
  1774 | D:3      | 1774 ||| BUYING potion of curing (39 gold).
  1774 | D:3      | Bought a potion of curing for 39 gold pieces
  1774 | D:3      | 1774 ||| SHOPLISTING potion of curing (39 gold, have 6).
  1774 | D:3      | 1774 ||| SHOPLISTING potion of haste (130 gold, have 6).
  1774 | D:3      | 1774 ||| SHOPLISTING potion of heal wounds (65 gold, have
                  | 6).
  1901 | D:3      | Found a hazy altar of Hepliaklqana.
  2025 | D:3      | 2025 ||| Stepping ~*~*~tactically~*~*~ (cloud).
  2086 | D:3      | 2086 ||| UPGRADING to +0 pair of boots.
  2091 | D:3      | 2091 ||| UPGRADING to +6 ring of strength.
  2092 | D:3      | 2092 ||| READING scroll labelled WYGIYH FU TOCW.
  2097 | D:3      | 2097 ||| DRINKING 2 lumpy green potions.
  2098 | D:3      | 2098 ||| DRINKING 2 glowing golden potions.
  2099 | D:3      | 2099 ||| DROPPING potion of invisibility.
  2232 | D:4      | Reached skill level 5 in Axes
  2293 | D:4      | Noticed Eustachio
  2296 | D:4      | 2296 ||| INVOKING Berserk.
  2305 | D:4      | Killed Eustachio
  2306 | D:4      | Reached XP level 7. HP: 51/51 MP: 7/7
  2339 | D:4      | Noticed Menkaure
  2360 | D:4      | Killed Menkaure
  2361 | D:4      | Reached skill level 6 in Axes
  2537 | D:4      | Reached *** piety under Trog
  2538 | D:4      | Reached skill level 3 in Fighting
  2595 | D:4      | 2595 ||| INVOKING Berserk.
  3026 | D:4      | Reached skill level 7 in Axes
  3107 | D:4      | 3107 ||| UPGRADING to ring of protection from fire.
  3108 | D:4      | 3108 ||| READING scroll labelled LOARUXT CIGRA.
  3109 | D:4      | 3109 ||| READING scroll labelled OVOQULOTEU.
  3110 | D:4      | 3110 ||| READING scroll labelled TEDI WYNTIAMUT.
  3111 | D:4      | 3111 ||| READING scroll labelled JUKUOT GITAXT.
  3112 | D:4      | 3112 ||| DRINKING 2 fizzy purple potions.
  3112 | D:4      | Gained mutation: Your spells are a little easier to cast,
                  | but a little less powerful. [potion of mutation]
  3112 | D:4      | Gained mutation: You have hidden genetic potential. [potion
                  | of mutation]
  3113 | D:4      | 3113 ||| DRINKING 3 blue potions.
  3142 | D:5      | Entered Level 5 of the Dungeon
  3160 | D:5      | Noticed Edmund
  3204 | D:5      | 3204 ||| INVOKING Berserk.
  3207 | D:5      | Killed Edmund
  3208 | D:5      | Reached XP level 8. HP: 44/58 MP: 8/8
  3240 | D:5      | 3240 ||| DROPPING +0 flail.
  3303 | D:5      | Found a staircase to the Ecumenical Temple.
  3330 | D:5      | Reached skill level 8 in Axes
  3397 | D:5      | Noticed Pikel
  3402 | D:5      | 3402 ||| INVOKING Berserk.
  3412 | D:5      | Killed Pikel
  3490 | D:5      | Noticed Blork the orc
  3625 | D:5      | Found Xuahucun's Distillery.
  3634 | D:5      | 3634 ||| BUYING potion of cancellation (88 gold).
  3634 | D:5      | Bought a potion of cancellation for 88 gold pieces
  3634 | D:5      | 3634 ||| BUYING potion of curing (33 gold).
  3634 | D:5      | Bought a potion of curing for 33 gold pieces
  3634 | D:5      | 3634 ||| BUYING potion of curing (33 gold).
  3634 | D:5      | Bought a potion of curing for 33 gold pieces
  3634 | D:5      | 3634 ||| SHOPLISTING potion of curing (33 gold, have 5).
  3634 | D:5      | 3634 ||| SHOPLISTING potion of might (44 gold, have 5).
  3634 | D:5      | 3634 ||| SHOPLISTING potion of mutation (88 gold, have 5).
  3887 | D:5      | 3887 ||| INVOKING Berserk.
  3894 | D:5      | Reached skill level 3 in Armour
  3953 | D:5      | 3953 ||| INVOKING Berserk.
  3957 | D:5      | Reached skill level 3 in Dodging
  3957 | D:5      | Reached XP level 9. HP: 69/69 MP: 9/9
  4032 | D:5      | Killed Blork the orc
  4131 | D:5      | 4131 ||| INVOKING Berserk.
  4349 | D:5      | Reached skill level 9 in Axes
  4355 | D:5      | 4355 ||| UPGRADING to +0 cloak.
  4377 | D:6      | 4377 ||| INVOKING Berserk.
  4380 | D:6      | 4380 ||| STAIRDANCE
  4491 | D:6      | Reached **** piety under Trog
  4519 | D:6      | 4519 ||| INVOKING Berserk.
  4710 | D:6      | 4710 ||| SWAPPING to +0 war axe.
  4711 | D:6      | 4711 ||| DROPPING +1 hand axe.
  4769 | D:6      | 4769 ||| INVOKING Berserk.
  5047 | D:6      | 5047 ||| INVOKING Berserk.
  5119 | D:6      | 5119 ||| INVOKING Berserk.
  5123 | D:6      | Reached skill level 10 in Axes
  5624 | D:6      | 5624 ||| READING scroll labelled HIAS HEOXOARPHO.
  5625 | D:6      | 5625 ||| READING 2 scrolls of identify.
  5625 | D:6      | 5625 ||| IDENTIFYING silvery potion
  5641 | D:7      | 5641 ||| STAIRDANCE
  5643 | D:6      | 5643 ||| INVOKING Berserk.
  5682 | D:7      | 5682 ||| STAIRDANCE
  5684 | D:6      | 5684 ||| INVOKING Berserk.
  5887 | D:7      | Reached skill level 6 in Fighting
  5962 | D:7      | Noticed Prince Ribbit
  5968 | D:7      | 5968 ||| INVOKING Berserk.
  5971 | D:7      | Killed Prince Ribbit
  5988 | D:7      | HP: 14/69 [ice beast (13)]
  5989 | D:7      | 5989 ||| DRINKING 3 potions of heal wounds.
  6058 | D:7      | Reached XP level 10. HP: 76/76 MP: 10/10
  6111 | D:7      | 6111 ||| INVOKING Berserk.
  6250 | D:7      | Found a snail-covered altar of Cheibriados.
  6534 | D:7      | 6534 ||| UPGRADING to +0 pair of gloves.
  6539 | D:7      | 6539 ||| READING scroll labelled CULEUR QYGUJU.
  6540 | D:7      | 6540 ||| READING 2 scrolls of identify.
  6540 | D:7      | 6540 ||| IDENTIFYING fuming green potion
  6541 | D:7      | 6541 ||| DROPPING potion of flight.
  6687 | D:8      | Reached ***** piety under Trog
  6707 | D:8      | 6707 ||| INVOKING Berserk.
  6763 | D:8      | Found a staircase to the Lair.
  6765 | D:8      | Noticed an elephant
  6784 | D:8      | 6784 ||| STAIRDANCE
  6804 | D:8      | Killed an elephant
  6810 | D:8      | Noticed a death yak
  6811 | D:8      | 6811 ||| INVOKING Brothers in Arms.
  6812 | D:8      | 6812 ||| INVOKING Brothers in Arms.
  6813 | D:8      | 6813 ||| INVOKING Brothers in Arms.
  6814 | D:8      | 6814 ||| INVOKING Berserk.
  6818 | D:8      | Killed a death yak
  6819 | D:8      | Reached skill level 11 in Axes
  6947 | D:8      | Found a blossoming altar of Fedhas.
  7105 | D:8      | Noticed a boulder beetle
  7112 | D:8      | 7112 ||| INVOKING Berserk.
  7126 | D:8      | HP: 27/114 [boulder beetle (4)]
  7128 | D:8      | HP: 9/114 [boulder beetle (19)]
  7138 | D:8      | 7138 ||| DRINKING 2 potions of heal wounds.
  7146 | D:8      | Killed a boulder beetle
  7239 | D:8      | 7239 ||| INVOKING Berserk.
  7409 | D:8      | 7409 ||| UPGRADING to +2 kite shield.
  7419 | D:8      | 7419 ||| DROPPING +0 buckler.
  7420 | D:8      | 7420 ||| DROPPING ring of flight.
  7421 | D:8      | 7421 ||| DROPPING +6 ring of intelligence.
  7482 | Lair:1   | Entered Level 1 of the Lair of Beasts
  7482 | Lair:1   | Noticed a five-headed hydra
  7483 | Lair:1   | 7483 ||| Entered L.
  7483 | Lair:1   | 7483 ||| INVOKING Brothers in Arms.
  7484 | Lair:1   | 7484 ||| SWAPPING to +2 flail of protection.
  7485 | Lair:1   | 7485 ||| INVOKING Berserk.
  7485 | Lair:1   | Killed a five-headed hydra
  7490 | Lair:1   | 7490 ||| SWAPPING to +0 war axe.
  7509 | Lair:1   | 7509 ||| STAIRDANCE
  7545 | Lair:1   | Noticed a cane toad
  7545 | Lair:1   | Noticed a seven-headed hydra
  7546 | Lair:1   | 7546 ||| INVOKING Brothers in Arms.
  7549 | Lair:1   | 7549 ||| SWAPPING to +2 flail of protection.
  7550 | Lair:1   | 7550 ||| INVOKING Berserk.
  7554 | Lair:1   | Killed a seven-headed hydra
  7555 | Lair:1   | Killed a cane toad
  7559 | Lair:1   | 7559 ||| SWAPPING to +0 war axe.
  7611 | Lair:1   | Noticed a six-headed hydra
  7612 | Lair:1   | 7612 ||| INVOKING Brothers in Arms.
  7614 | Lair:1   | 7614 ||| SWAPPING to +2 flail of protection.
  7616 | Lair:1   | 7616 ||| INVOKING Brothers in Arms.
  7617 | Lair:1   | 7617 ||| INVOKING Berserk.
  7618 | Lair:1   | Killed a six-headed hydra
  7619 | Lair:1   | Reached skill level 6 in Shields
  7619 | Lair:1   | Reached XP level 11. HP: 84/84 MP: 11/11
  7625 | Lair:1   | 7625 ||| SWAPPING to +0 war axe.
  7834 | Lair:1   | 7834 ||| INVOKING Berserk.
  7890 | Lair:1   | 7890 ||| INVOKING Berserk.
  7947 | Lair:1   | 7947 ||| INVOKING Berserk.
  8085 | Lair:1   | 8085 ||| INVOKING Berserk.
  8224 | Lair:1   | Reached skill level 12 in Axes
  8255 | Lair:1   | 8255 ||| INVOKING Berserk.
  8522 | Lair:1   | 8522 ||| READING scroll labelled MEATIFFOQI.
  8523 | Lair:1   | 8523 ||| DRINKING 2 lumpy silvery potions.
  8548 | Lair:1   | 8548 ||| DROPPING potion of berserk rage.
  8569 | Lair:2   | 8569 ||| STAIRDANCE
  8582 | Lair:2   | 8582 ||| STAIRDANCE
  8592 | Lair:1   | Reached skill level 6 in Armour
  8807 | Lair:2   | Found a staircase to the Shoals.
  8813 | Lair:2   | 8813 ||| INVOKING Berserk.
  8890 | Lair:2   | Noticed an eight-headed hydra
  8891 | Lair:2   | 8891 ||| INVOKING Brothers in Arms.
  8892 | Lair:2   | 8892 ||| INVOKING Brothers in Arms.
  8894 | Lair:2   | 8894 ||| SWAPPING to +2 flail of protection.
  8895 | Lair:2   | 8895 ||| INVOKING Berserk.
  8898 | Lair:2   | Killed an eight-headed hydra
  8902 | Lair:2   | 8902 ||| SWAPPING to +0 war axe.
  9116 | Lair:2   | Found a frozen archway.
  9125 | Lair:2   | Noticed an eight-headed hydra
  9126 | Lair:2   | 9126 ||| INVOKING Brothers in Arms.
  9127 | Lair:2   | 9127 ||| INVOKING Brothers in Arms.
  9128 | Lair:2   | 9128 ||| INVOKING Brothers in Arms.
  9129 | Lair:2   | 9129 ||| SWAPPING to +2 flail of protection.
  9130 | Lair:2   | 9130 ||| INVOKING Berserk.
  9132 | Lair:2   | Killed an eight-headed hydra
  9133 | Lair:2   | Reached skill level 6 in Dodging
  9137 | Lair:2   | 9137 ||| SWAPPING to +0 war axe.
  9240 | Lair:2   | Noticed a four-headed hydra
  9241 | Lair:2   | 9241 ||| INVOKING Brothers in Arms.
  9242 | Lair:2   | 9242 ||| INVOKING Brothers in Arms.
  9243 | Lair:2   | 9243 ||| INVOKING Brothers in Arms.
  9244 | Lair:2   | 9244 ||| SWAPPING to +2 flail of protection.
  9245 | Lair:2   | 9245 ||| INVOKING Berserk.
  9249 | Lair:2   | Killed a four-headed hydra
  9250 | Lair:2   | Reached XP level 12. HP: 92/92 MP: 12/12
  9253 | Lair:2   | 9253 ||| SWAPPING to +0 war axe.
  9567 | Lair:2   | 9567 ||| INVOKING Berserk.
  9725 | Lair:2   | 9725 ||| UPGRADING to +0 plate armour of cold resistance.
  9735 | Lair:2   | 9735 ||| DROPPING +0 plate armour.
  9736 | Lair:2   | 9736 ||| READING scroll labelled DYNOEDGHUEDGH.
  9767 | Lair:2   | 9767 ||| READING 2 scrolls of identify.
  9767 | Lair:2   | 9767 ||| IDENTIFYING fizzy silvery potion
  9768 | Lair:2   | 9768 ||| DROPPING potion of degeneration.
  9793 | Lair:3   | Noticed a six-headed hydra
  9795 | Lair:3   | 9795 ||| INVOKING Brothers in Arms.
  9796 | Lair:3   | 9796 ||| INVOKING Brothers in Arms.
  9797 | Lair:3   | 9797 ||| INVOKING Berserk.
  9806 | Lair:3   | Killed a nine-headed hydra
  9934 | Lair:3   | Reached skill level 13 in Axes
 10071 | Lair:3   | 10071 ||| Stepping ~*~*~tactically~*~*~ (water).
 10148 | Lair:3   | 10148 ||| STAIRDANCE
 10163 | Lair:2   | 10163 ||| READING scroll labelled VELUSO OMILO.
 10405 | Lair:3   | Reached skill level 9 in Fighting
 10505 | Lair:3   | 10505 ||| READING scroll of enchant armour.
 10505 | Lair:3   | 10505 ||| ENCHANTING +0 pair of gloves.
 10870 | Lair:3   | HP: 22/95 [electric eel/bolt of electricity (8)]
 10875 | Lair:3   | HP: 14/95 [electric eel/bolt of electricity (11)]
 10876 | Lair:3   | HP: 3/95 [electric eel/bolt of electricity (12)]
 10877 | Lair:3   | Killed from afar by an electric eel

Levels and vault maps discovered:
D:1:      ncdulo_lavacross, layout_basic
D:2:      layout_rooms, hellmonk_ecumenical_altar_heavens_door, uniq_terence,
          uniq_sigmund
D:3:      layout_rooms, mainiacjoe_overflow_alcove_4, serial_shops, shop,
          lemuel_another_geyser, uniq_ijyb
D:4:      layout_cave_pods, minmay_checkerbox, uniq_eustachio, uniq_menkaure
D:5:      minmay_recursive_quarters, layout_basic, tso_metal_star,
          minmay_temple_entry_large_hall, nicolae_ossuary_entry_catacombs,
          serial_shops, shop_statue, uniq_edmund, uniq_pikel, uniq_blork_the_orc
D:6:      layout_layer_cave
D:7:      layout_loops_ring, slow_altar_1, uniq_prince_ribbit1
D:8:      layout_gridville, fedhas_altar_2, david_lair_generic,
          eino_tiny_chamber, minmay_between
Lair:1:   layout_regular_city, beast_lair_carwin_6
Lair:2:   layout_cave_pods, minmay_shoals_entry_beasts,
          portal_ice_cave_entry_pillars_1, minivault_11
Lair:3:   pond_and_an_island_with_a_cottage, layout_cave_pods, special_room
          [special_room_bee]

Skill      XL: |  1  2  3  4  5  6  7  8  9 10 11 12 |
---------------+-------------------------------------+-----
Axes           | 3 4 5 7 8 10 11 12 13 | 13.0
Shields        | 3 4 6 8 |  8.4
Armour         | 2 3 4 5 6 |  6.0
Fighting       | 3 5 6 7 8 9 |  9.0
Dodging        | 3 4 5 6 |  6.3

Action                   |  1- 3 |  4- 6 |  7- 9 | 10-12 || total
-------------------------+-------+-------+-------+-------++-------
Melee: Hand axe          |   117 |   173 |   294 |       ||   584
       Bite              |    12 |    22 |    57 |   103 ||   194
       War axe           |       |       |    82 |   596 ||   678
       Flail             |       |       |       |    16 ||    16
Invok: Berserk           |     3 |     3 |    14 |    19 ||    39
       Brothers in Arms  |       |       |       |     9 ||     9
  Use: Scroll            |     1 |     2 |     6 |     7 ||    16
       Potion            |       |     2 |     3 |     2 ||     7
 Stab: Distracted        |       |       |       |     1 ||     1
Armor: Animal skin       |     9 |       |       |       ||     9
       Plate armour      |    10 |    72 |   141 |   285 ||   508
Dodge: Dodged            |    61 |    24 |    94 |   171 ||   350
Block: Buckler           |     5 |    28 |    55 |    40 ||   128
       Kite shield       |       |       |       |   286 ||   286

Table legend:
 A = Non-vault XP
 B = Vault XP
 C = Vault XP percentage of total XP
 D = Non-vault monster count
 E = Vault monster count
 F = Vault count percentage of total count
                 A         B        C        D         E       F
            +---------+---------+-------+---------+---------+-------
      Total |   22420 |    8212 |  26.8 |     252 |      57 |  18.4
            +---------+---------+-------+---------+---------+-------
        D:1 |      55 |       0 |   0.0 |      29 |       0 |   0.0
        D:2 |      73 |     263 |  78.3 |      23 |       2 |   8.0
        D:3 |      24 |      36 |  60.0 |      13 |       1 |   7.1
        D:4 |     378 |     416 |  52.4 |      20 |       6 |  23.1
        D:5 |     762 |    1515 |  66.5 |      20 |      15 |  42.9
        D:6 |    1135 |       0 |   0.0 |      24 |       0 |   0.0
        D:7 |    1161 |     290 |  20.0 |      24 |       2 |   7.7
        D:8 |     599 |    2606 |  81.3 |      21 |       7 |  25.0
     Lair:1 |    6547 |    1042 |  13.7 |      29 |       6 |  17.1
     Lair:2 |    6584 |     800 |  10.8 |      24 |       2 |   7.7
     Lair:3 |    5102 |    1244 |  19.6 |      25 |      16 |  39.0
            +---------+---------+-------+---------+---------+-------
